 Dungeon Crawl Stone Soup version 0.21.1-1-g345015f (webtiles) character file.

3207 tognito the Severer (level 9, -2/70 HPs)
             Began as a Minotaur Berserker on June 9, 2018.
             Was an Elder of Trog.
             Shot with a bolt by an orc warrior (19 damage)
             ... in a bailey.
             The game lasted 00:17:01 (6179 turns).

tognito the Severer (Minotaur Berserker)            Turns: 6179, Time: 00:17:02

Health: -2/70      AC: 12    Str: 30      XL:     9   Next: 65%
Magic:  8/8        EV:  8    Int:  3 (4)  God:    Trog [****..]
Gold:   451        SH:  0    Dex: 12      Spells: 8/8 levels left

rFire    . . .     SeeInvis .   a - +1 hand axe
rCold    . . .     Gourm    .   (no shield)
rNeg     . . .     Faith    .   y - +0 plate armour
rPois    .         Spirit   .   (helmet restricted)
rElec    .         Reflect  .   (no cloak)
rCorr    .         Harm     .   (no gloves)
MR       .....                  B - +0 pair of boots
Stlth    ..........             (no amulet)
HPRegen  0.21/turn              A - ring of stealth
MPRegen  0.11/turn              x - +5 ring of strength

@: no status effects
A: retaliatory headbutt, horns 2, agile 1, deterioration 1
a: Berserk, Trog's Hand, Brothers in Arms, Burn Spellbooks, Renounce Religion


You were in a bailey.
You worshipped Trog.
Trog was greatly pleased with you.
You were not hungry.

You visited 1 branch of the dungeon, and saw 8 of its levels.
You also visited: Ossuary and Bailey.

You collected 451 gold pieces.

Inventory:

Hand Weapons
 a - a +1 hand axe (weapon)
 b - a +0 shortbow
Missiles
 e - 50 bolts
 g - 185 arrows
Armour
 p - a +1 chain mail
 y - a +0 plate armour (worn)
 B - a +0 pair of boots (worn)
Jewellery
 h - an uncursed ring of see invisible
 x - a +5 ring of strength (right hand)
 A - a ring of stealth (left hand)
Wands
 v - a wand of paralysis (3)
 C - a wand of disintegration (13)
Scrolls
 d - 4 scrolls of teleportation
 f - a scroll of enchant weapon
 i - a scroll of fog
 j - a scroll of blinking
 k - 6 scrolls of identify
 l - 5 scrolls of remove curse
 t - a scroll of enchant armour
 E - a scroll of magic mapping {unknown}
Potions
 m - a potion of berserk rage
 n - 3 potions of heal wounds
 o - a potion of cancellation
 q - a potion of brilliance
 r - a potion of agility
 s - 5 potions of curing
 u - 2 potions of flight
 w - a potion of might
 D - 2 potions of haste
Comestibles
 c - 18 rations
 z - 6 chunks of flesh


   Skills:
 - Level 3.6 Fighting
 + Level 15.5 Axes
 - Level 0.6 Bows
 - Level 2.4 Armour
 - Level 2.1 Dodging


You had 8 spell levels left.
You didn't know any spells.

Dungeon Overview and Level Annotations

Branches:
Dungeon (8/15)             Temple (0/1) D:7
   Lair: D:8-11

Altars:
Cheibriados
Hepliaklqana
Trog
Vehumet
Xom

Shops:
D:5 !   D:7 *


Innate Abilities, Weirdness & Mutations

You reflexively headbutt those who attack you in melee.
You have a pair of horns on your head.
You are agile. (Dex +2)
Your body sometimes deteriorates upon taking damage.


Message History

Press: ? - help, Shift-Dir - straight line, f/p - orc warrior
Aim: an orc warrior, wielding an arbalest and wearing a ring mail (lightly wounded)
You shoot an arrow. The arrow hits the orc warrior.
The orc warrior is lightly wounded.
The orc warrior shoots a bolt.
The bolt hits you!!
Firing (i - inventory):
g - 186 arrows (quivered)
Press: ? - help, Shift-Dir - straight line, f/p - orc warrior
Aim: an orc warrior, wielding an arbalest and wearing a ring mail (lightly wounded)
You shoot an arrow.
The arrow closely misses the orc warrior.
The orc warrior shoots a bolt.
The bolt hits you!
* * * LOW HITPOINT WARNING * * *
a - a +1 hand axe (weapon)
You are too injured to fight recklessly!
The orc warrior shoots a bolt.
The bolt hits you but does no damage.
The orc warrior shoots a bolt.
The bolt hits you.
* * * LOW HITPOINT WARNING * * *
You see here 5 bolts.
The orc warrior shoots a bolt.
The bolt hits you!!
You die...

#......≈##
#......≈o
#.....(≈##
#....o.≈≈#.
#.......≈≈≈
#..........
#..........
#..@.......
#.(........
#(∩........
#∩.........
###########


You could see 2 orc warriors.

Vanquished Creatures
  Pikel (D:6)
  Grinder (D:6)
  A spriggan (D:7)
  An orc warrior (D:6)
  The ghost of Jaiteiro the Gusty, an amateur DEAE of Sif Muna (D:3)
  A sky beast (D:5)
  3 ogres
  2 centaurs
  3 bullfrogs
  6 water moccasin zombies (Ossuary)
  A wyvern zombie (D:7)
  A scorpion (D:7)
  A howler monkey (D:6)
  3 crimson imps
  A centaur zombie (D:6)
  7 orc wizards
  3 orc priests
  A centaur skeleton (D:6)
  2 hounds
  Natasha (twice) (D:4)
  4 worker ants
  2 big kobold zombies (Ossuary)
  2 mummies (Ossuary)
  2 howler monkey skeletons
  13 adders
  2 shadow imps
  5 adder zombies
  A worm (D:3)
  3 dart slugs (D:1)
  3 leopard geckos
  19 orcs
  2 ball pythons
  8 bats
  5 giant cockroaches
  4 gnoll zombies (Ossuary)
  9 hobgoblins
  2 jackals (D:7)
  4 quokkas
  4 frilled lizards
  8 goblins
  5 hobgoblin zombies (Ossuary)
  7 kobolds
  2 kobold zombies (Ossuary)
  3 orc zombies (Ossuary)
  A quokka skeleton (D:4)
  3 rats
165 creatures vanquished.

Notes
Turn   | Place    | Note
-------+----------+-------------------------------------------
     0 | D:1      | tognito the Minotaur Berserker began the quest for the Orb.
     0 | D:1      | Reached XP level 1. HP: 19/19 MP: 0/0
    26 | D:1      | Reached skill level 4 in Axes
   103 | D:1      | Reached XP level 2. HP: 24/26 MP: 1/1
   399 | D:1      | Reached skill level 5 in Axes
   598 | D:2      | Reached XP level 3. HP: 24/31 MP: 2/2
   906 | D:2      | Reached skill level 6 in Axes
   906 | D:2      | Reached XP level 4. HP: 39/39 MP: 3/3
   915 | D:2      | Found a radiant altar of Vehumet.
  1119 | D:3      | Noticed Jaiteiro's ghost (amateur DEAE)
  1132 | D:3      | Killed Jaiteiro's ghost
  1132 | D:3      | Reached skill level 7 in Axes
  1132 | D:3      | Reached XP level 5. HP: 45/45 MP: 4/4
  1142 | D:3      | Reached ** piety under Trog
  1157 | D:3      | Reached skill level 8 in Axes
  1287 | D:3      | Found a hazy altar of Hepliaklqana.
  1378 | D:3      | Reached XP level 6. HP: 51/51 MP: 5/5
  1395 | D:3      | Found a bloodstained altar of Trog.
  1983 | D:4      | Reached skill level 9 in Axes
  2073 | D:4      | Noticed Natasha
  2080 | D:4      | Killed Natasha
  2211 | D:4      | Reached XP level 7. HP: 54/57 MP: 6/6
  2327 | D:4      | Noticed Natasha
  2333 | D:4      | Killed Natasha
  2392 | D:4      | Reached skill level 10 in Axes
  2421 | D:4      | Reached *** piety under Trog
  2465 | D:4      | Found a sand-covered staircase.
  2479 | Ossuary  | Entered an ossuary
  2688 | Ossuary  | Reached skill level 11 in Axes
  2992 | Ossuary  | Reached XP level 8. HP: 21/64 MP: 7/7
  3357 | D:5      | Entered Level 5 of the Dungeon
  3417 | D:5      | Found Gydusyxi's Distillery.
  3585 | D:5      | Reached skill level 12 in Axes
  3586 | D:5      | Reached **** piety under Trog
  4298 | D:6      | Gained mutation: Your body sometimes deteriorates upon taking damage. [potion of mutation]
  4298 | D:6      | Gained mutation: You are agile. (Dex +2) [potion of mutation]
  4455 | D:6      | Reached skill level 13 in Axes
  4493 | D:6      | Noticed Grinder
  4500 | D:6      | Killed Grinder
  4545 | D:6      | Noticed Pikel
  4569 | D:6      | Paralysed by Pikel for 7 turns
  4584 | D:6      | Killed Pikel
  4584 | D:6      | Reached skill level 14 in Axes
  4584 | D:6      | Reached XP level 9. HP: 57/70 MP: 8/8
  4863 | D:7      | Found a staircase to the Ecumenical Temple.
  5204 | D:7      | Found a snail-covered altar of Cheibriados.
  5291 | D:7      | Found Puixtyli's General Store.
  5493 | D:7      | Reached skill level 15 in Axes
  5781 | D:8      | Found a shimmering altar of Xom.
  6111 | D:8      | Found a flagged portal.
  6121 | Bailey   | Entered a bailey
  6179 | Bailey   | Shot with a bolt by an orc warrior

Skill      XL: |  1  2  3  4  5  6  7  8  9 |
---------------+----------------------------+-----
Axes           | 4 5 6 7 8 9 11 14 15 | 15.5
Fighting       | |  3.6
Bows           | |  0.6
Armour         | |  2.4
Dodging        | |  2.1

Action                   |  1- 3 |  4- 6 |  7- 9 || total
-------------------------+-------+-------+-------++-------
Melee: Hand axe          |    70 |   113 |   343 ||   526
       Headbutt          |     9 |    17 |    80 ||   106
 Fire: Shortbow          |       |       |    47 ||    47
Invok: Berserk           |       |     2 |     1 ||     3
       Burn Spellbooks   |       |       |     1 ||     1
       Trog's Hand       |       |       |     1 ||     1
  Use: Potion            |     4 |     4 |     5 ||    13
       Scroll            |     7 |     1 |     3 ||    11
  Eat: Chunk             |       |     6 |    11 ||    17
       Ration            |       |       |     1 ||     1
Armor: Ring mail         |    31 |       |       ||    31
       Animal skin       |     1 |       |       ||     1
       Chain mail        |     9 |    42 |    74 ||   125
       Plate armour      |       |       |    49 ||    49
Dodge: Dodged            |    42 |    31 |    97 ||   170
